 Dungeon Crawl Stone Soup version 0.28-a0-1524-ge72afd5fc6 (webtiles) character file.

Game seed: 3089908225749397431

8 knot the Chopper (level 2, 19/24 HPs)
             Began as a Demonspawn Berserker on Jan 18, 2022.
             Was a Follower of Trog.
             Quit the game on level 1 of the Dungeon.
             The game lasted 00:00:18 (421 turns).

knot the Chopper (Demonspawn Berserker)              Turns: 421, Time: 00:00:18

Health: 19/24      AC:  3    Str: 17    XL:     2   Next: 0%
Magic:  2/2        EV: 12    Int:  8    God:    Trog [*.....]
Gold:   22         SH:  0    Dex: 12    Spells: 1/1 levels left

rFire   . . .      SeeInvis .   a - +0 hand axe
rCold   . . .      Faith    .   (no shield)
rNeg    . . .      Spirit   .   b - +0 animal skin
rPois   .          Reflect  .   d - +0 helmet
rElec   .          Harm     .   (no cloak)
rCorr   .          Rampage  .   (no gloves)
Will    .....                   (no boots)
Stlth   +.........              (no amulet)
HPRegen 0.08/turn               (no ring)
MPRegen 0.08/turn               (no ring)

@: no status effects
A: demonic magic 1
a: Renounce Religion, Berserk


You were on level 1 of the Dungeon.
You worshipped Trog.
Trog was aware of your devotion.
You visited 1 branch of the dungeon, and saw 1 of its levels.

You collected 22 gold pieces.

Inventory:

Hand Weapons
 a - a +0 hand axe (weapon)
Armour
 b - a +0 animal skin (worn)
 d - a +0 helmet (worn)
Scrolls
 e - a scroll of fear {unknown}
Potions
 c - a potion of degeneration {unknown}
 f - a potion of might {unknown}


   Skills:
 - Level 3.0 Fighting
 + Level 3.2 Axes
 - Level 1.7 Armour
 - Level 1.7 Dodging


You had one spell level left.
You didn't know any spells.
Your spell library was empty.

Dungeon Overview and Level Annotations

Branches:
Dungeon (1/15)

Altars:

Shops:
D:1 (


Innate Abilities, Weirdness & Mutations

Spells you cast may paralyse adjacent enemies.


Message History

You closely miss the goblin. The goblin hits you with a +0 club.
You closely miss the goblin. The goblin closely misses you.
You slash the goblin!
You kill the goblin!
Trog accepts your kill.
No target in view!
Things that are here:
a +0 club; a goblin corpse
There is an entrance to Fykenih's Antique Weapon Boutique here.
You open the door.
There is an open door here.
You now have 22 gold pieces (gained 10).
You open the door.
There is an open door here.
Key pressed, stopping explore.
f - an orange potion No target in view!
A frilled lizard comes into view.
A frilled lizard is nearby!
You hit the frilled lizard.
You kill the frilled lizard!
Trog accepts your kill.
No target in view!
No target in view!
A quokka and a goblin come into view.
The goblin barely misses you.
There are monsters nearby!
You miss the goblin. The goblin hits you with a +0 dagger.
There are monsters nearby!
You hit the goblin.
You kill the goblin!
Trog accepts your kill.
You hit the quokka but do no damage. The quokka bites you.
You hit the quokka.
You kill the quokka!
Trog accepts your kill.
You have reached level 2!
Your demonic ancestry asserts itself...
A menacing aura infuses your magic.
Are you sure you want to abandon this character and quit the game? (Confirm with "yes".)

#..............###
#...###..###.#....
#...###..##...####
#........#.....#
#.......###...##
#.####### ##.##
#.# #.# #.# #.#
#@# #+# #.)...#
#.###..# #. ...# #
#.# # .8# + ## #


There were no monsters in sight!

Vanquished Creatures
  A dart slug (D:1)
  A quokka (D:1)
  A ball python (D:1)
  2 frilled lizards (D:1)
  2 goblins (D:1)
7 creatures vanquished.

Notes
Turn   | Place    | Note
-------+----------+-------------------------------------------
     0 | D:1      | knot the Demonspawn Berserker began the quest for the Orb.
     0 | D:1      | Reached XP level 1. HP: 18/18 MP: 1/1
   204 | D:1      | Found Fykenih's Antique Weapon Boutique.
   421 | D:1      | Gained mutation: Spells you cast may paralyse adjacent
                  | enemies. [demonic ancestry]
   421 | D:1      | Reached XP level 2. HP: 19/24 MP: 2/2
   421 | D:1      | Quit the game

Illustrated notes

Levels and vault maps discovered:
D:1:      elethiomel_arrival_infinity_welcomes_careful_drivers,
          layout_loops_corners, serial_shops, nicolae_diamond_shop,
          amcnicky_mini_corridor_feature, feat_on_display

Skill      XL: |  1 |
---------------+----+-----
Axes           | 3 |  3.2
Fighting       | |  3.0
Armour         | |  1.7
Dodging        | |  1.7

Action                   || total
-------------------------++-------
Melee: Hand axe          ||    16
Armor: Animal skin       ||     2
Dodge: Dodged            ||     8

Table legend: (Time is in decaauts)
 A = Elapsed time spent in this place.
 B = Non-inter-level travel time spent in this place.
 C = Inter-level travel time spent in this place.
 D = Time resting spent in this place.
 E = Time spent auto-exploring this place.
 F = Levels seen in this place.
 G = Mean time per level.
                   A        B        C        D        E       F      G
               +--------+--------+--------+--------+--------+-----+--------+
         Total |    423 |    423 |      0 |      0 |    366 |   1 |  423.0 |
       Dungeon |    423 |    423 |      0 |      0 |    366 |   1 |  423.0 |
               +--------+--------+--------+--------+--------+-----+--------+

Top non-repeatable levels by time:
     D:1: 423 daAuts
